 Dungeon Crawl Stone Soup version 0.28-a0-535-g6f645e4c1d (webtiles) character file.

Game seed: 14922419419683026870

196 Shayle the Magician (level 6, -5/46 HPs)
             Began as a Djinni Warper on Sept 26, 2021.
             Slain by an orc warrior (18 damage)
             ... on level 7 of the Dungeon.
             The game lasted 00:09:16 (3951 turns).

Shayle the Magician (Djinni Warper)                 Turns: 3951, Time: 00:09:16

Health: -5/46      AC:  3    Str: 10    XL:     6   Next: 4%
Gold:   99         EV: 11    Int: 16    God:
                   SH:  0    Dex: 13

rFire   + . .      SeeInvis +   o - +8 hand axe of Calculation {venom, rPois rF- Will++ SInv}
rCold   x . .      Faith    .   (no shield)
rNeg    . . .      Spirit   .   a - +0 leather armour
rPois   ∞          Reflect  .   (no helmet)
rElec   .          Harm     .   (no cloak)
rCorr   .          Rampage  .   (no gloves)
Will    ++...                   (boots unavailable)
Stlth   +.........              (no amulet)
HPRegen 0.15/turn               (no ring)
MPRegen 0.00/turn               (no ring)

@: brilliant, flying
A: sickness immunity, fire resistance 2, cold vulnerability 1, float, innate
caster, hp casting, extra vitality 1
a: no special abilities


You were on level 7 of the Dungeon.
You visited 1 branch of the dungeon, and saw 5 of its levels.

You collected 99 gold pieces.

Inventory:

Hand Weapons
 e - a +0 flail
 j - a +4 club
 o - the +8 hand axe of Calculation (weapon) {venom, rPois rF- Will++ SInv}
   (You found it on level 4 of the Dungeon)

   It poisons the flesh of those it strikes.
   rF:        It makes you vulnerable to fire.
   rPois:     It protects you from poison.
   SInv:      It lets you see invisible.
   Will:      It greatly increases your willpower.
Missiles
 c - 3 boomerangs of dispersal (quivered)
Armour
 a - a +0 leather armour (worn)
Jewellery
 k - a +4 ring of evasion
Scrolls
 b - a scroll of blinking
 l - a scroll of identify
 m - a scroll of teleportation
Potions
 d - a potion of ambrosia {unknown}
 f - a potion of lignification
 g - a potion of heal wounds
 n - 2 potions of curing {unknown}


   Skills:
 + Level 3.2 Fighting
 - Level 0.7 Throwing
 - Level 1.0 Armour
 - Level 2.1 Dodging
 + Level 3.2 Unarmed Combat
 * Level 3.8 Spellcasting


You couldn't memorise any spells.
You knew the following spells:

 Your Spells              Type           Power      Damage    Failure   Level
a - Blink                 Tloc           N/A        N/A       8%          2
b - Lesser Beckoning      Tloc           23%        N/A       14%         3
c - Gell's Gravitas       Tloc           11%        N/A       14%         3
d - Teleport Other        Tloc           23%        N/A       14%         3
e - Manifold Assault      Tloc           23%        N/A       80%         5
f - Sting                 Tmut/Pois      92%        1d7       4%          1
g - Static Discharge      Conj/Air       23%        N/A       8%          2
Your spell library was empty.

Dungeon Overview and Level Annotations

Branches:
Dungeon (4/15)
 Temple: D:4-7

Altars:
Vehumet


Innate Abilities, Weirdness & Mutations

You are immune to sickness and miasma.
You are immune to poison.
Your flesh is very heat resistant. (rF++)
You are vulnerable to cold. (rC-)
You float through the air rather than walking.
You learn spells naturally, not from books.
Your magical power is your life essence.
You have superior vitality. (+4 HP)


Message History

You kill the orc!
Okay, then.
Okay, then.
The orc warrior throws a boomerang.
The boomerang hits you.
Things that are here:
a +0 club; an orc corpse You closely miss the orc priest.
You hit the orc warrior but do no damage.
The orc warrior is poisoned.
The orc priest hits you with a +0 mace.
The orc warrior hits you with a +0 long sword!
Unknown command.
You hit the orc priest.
The orc priest is poisoned.
The orc priest is moderately wounded.
You hit the orc warrior.
The orc warrior hits you with a +0 long sword!
* * * LOW HITPOINT WARNING * * *
The orc priest calls upon Beogh to heal the orc warrior.
The orc warrior's wounds heal themselves!
The orc hits you with a +0 war axe.
* * * LOW HITPOINT WARNING * * *
You feel much better. The orc warrior closely misses you.
The orc priest hits you with a +0 mace. The orc hits you with a +0 war axe.
You slash the orc priest!
You kill the orc priest!
You closely miss the orc warrior. You hit the orc.
The orc is poisoned.
The orc warrior hits you with a +0 long sword.
* * * LOW HITPOINT WARNING * * *
The orc barely misses you. The orc warrior barely misses you.
You have reached level 6!
Your experience leads to an increase in your attributes!
Increase (S)trength, (I)ntelligence, or (D)exterity?
You feel clever.
You closely miss the orc warrior.
The orc warrior is moderately wounded.
You hit the orc.
You kill the orc!
The orc warrior barely misses you.
You feel clever all of a sudden.
The orc warrior hits you with a +0 long sword!!
You die...

*,,**
*,,,,,,,,,,,,,,,,,
**,*
*,,,,,,,...,,,,,,,
*###
**,,,,,,.o.,,,,,,,
#.##
*,,,,,o...,,,,,,,
##.#
*,,,,.o...,,*,,,,
#.##
**,,#...#*****,,,
#..###**#...#*
*,,, #....###...#*
*,,, #....@)..#**
*,,, #..#.)o.##
*,,* ###.####..#
*,** #...# #.##
**,* ###.######
*,** ##..# ***
#.### ###


You could see an orc warrior (poisoned).

Vanquished Creatures
  A hound (D:3)
  An orc priest (D:7)
  Jessica (D:2)
  3 adders
  A gnoll (D:1)
  2 dart slugs
  5 orcs
  3 ball pythons
  7 endoplasms
  5 giant cockroaches
  A goblin (D:3)
  4 hobgoblins (D:1)
  3 jackals (D:3)
  4 quokkas
  6 bats
  2 frilled lizards
  10 kobolds
  5 rats (D:1)
64 creatures vanquished.

Vanquished Creatures (others)
  4 fungi (D:4)
4 creatures vanquished.

Grand Total: 68 creatures vanquished

Notes
Turn   | Place    | Note
-------+----------+-------------------------------------------
     0 | D:1      | Shayle the Djinni Warper began the quest for the Orb.
     0 | D:1      | Reached XP level 1. HP: 18/18 MP: 0/0
   287 | D:1      | Reached XP level 2. HP: 23/23 MP: 0/0
  1195 | D:1      | Reached XP level 3. HP: 19/29 MP: 0/0
  1195 | D:1      | Learned a level 1 spell: Sting
  1557 | D:2      | Found a faded altar of an unknown god.
  1868 | D:2      | Reached XP level 4. HP: 2/34 MP: 0/0
  2170 | D:2      | Noticed Jessica
  2180 | D:2      | Killed Jessica
  2349 | D:2      | Reached XP level 5. HP: 40/40 MP: 0/0
  2349 | D:2      | Learned a level 2 spell: Static Discharge
  3841 | D:4      | Identified the +8 hand axe of Calculation {venom, rPois rF-
                  | Will++ SInv}
  3907 | D:4      | You are sucked into a shaft and drop 3 floors!
  3934 | D:7      | Noticed an orc warrior
  3950 | D:7      | Reached XP level 6. HP: 12/46 MP: 0/0
  3951 | D:7      | Slain by an orc warrior

Illustrated notes

Levels and vault maps discovered:
D:1:      dpeg_arrival_simpleton_b, layout_rooms
D:2:      layout_rooms, chequers_ecumenical_altar_simple_redux, uniq_jessica
D:3:      layout_loops_ring, minmay_unequal
D:4:      layout_basic, tgw_xom, nicolae_vehumet_altar_sigil,
          lemuel_crystal_altar, temple_fountains, serial_aquarium,
          aquarium_bridge_island_small [aquarium_subvault_small_open,
          aquarium_subvault_window, aquarium_subvault_wall,
          aquarium_subvault_window, aquarium_subvault_bridge],
          aquarium_window_1, aquarium_window_2, aquarium_window_2,
          aquarium_view_2c, aquarium_view_2b, kennysheep_potato
D:7:      layout_layer_cave, grunt_temple_overflow_holy_war,
          kennysheep_mini_moat, uniq_pikel, uniq_menkaure

Skill      XL: |  1  2  3  4  5 |
---------------+----------------+-----
Spellcasting   | 3 |  3.8
Unarmed Combat | 3 |  3.2
Fighting       | 3 |  3.2
Throwing       | |  0.7
Armour         | |  1.0
Dodging        | |  2.1

Action                   |  1- 3 |  4- 6 || total
-------------------------+-------+-------++-------
Melee: Unarmed           |    96 |       ||    96
       Punch             |     1 |       ||     1
       Flail             |    20 |     2 ||    22
       Club              |       |    35 ||    35
       Hand axe          |       |     6 ||     6
Throw: Boomerang         |     1 |     1 ||     2
 Cast: Sting             |    24 |    32 ||    56
       Blink             |     1 |       ||     1
  Use: Scroll            |     3 |     4 ||     7
       Potion            |       |     2 ||     2
Armor: Leather armour    |    33 |    12 ||    45
Dodge: Dodged            |    89 |    37 ||   126

Table legend: (Time is in decaauts)
 A = Elapsed time spent in this place.
 B = Non-inter-level travel time spent in this place.
 C = Inter-level travel time spent in this place.
 D = Time resting spent in this place.
 E = Time spent auto-exploring this place.
 F = Levels seen in this place.
 G = Mean time per level.
                   A        B        C        D        E       F      G
               +--------+--------+--------+--------+--------+-----+--------+
         Total |   3970 |   3896 |     74 |   1199 |   2007 |   5 |  794.0 |
       Dungeon |   3970 |   3896 |     74 |   1199 |   2007 |   5 |  794.0 |
               +--------+--------+--------+--------+--------+-----+--------+

Top non-repeatable levels by time:
     D:1: 1523 daAuts
     D:3: 1243 daAuts
     D:2: 1075 daAuts
     D:4: 82 daAuts
     D:7: 45 daAuts
